 Dungeon Crawl Stone Soup version 0.27.0-1-g7a089689b8 (webtiles) character file.

Game seed: 4345091494552374597

204 Crownlay the Shield-Bearer (level 5, 0/45 HPs)
             Began as a Hill Orc Fighter on Aug 12, 2021.
             Frozen to death by an endoplasm (5 damage)
             ... on level 3 of the Dungeon.
             The game lasted 00:04:17 (2879 turns).

Crownlay the Shield-Bearer (Hill Orc Fighter)       Turns: 2879, Time: 00:04:18

Health: 0/45       AC:  4    Str: 20    XL:     5   Next: 82%
Magic:  5/5        EV:  9    Int:  8    God:
Gold:   81         SH:  5    Dex: 10    Spells: 4/4 levels left

rFire    . . .     SeeInvis .   o - +0 scimitar
rCold    . . .     Faith    .   (no shield)
rNeg     . . .     Spirit   .   b - +0 scale mail
rPois    .         Reflect  +   f - +0 helmet
rElec    .         Harm     .   (no cloak)
rCorr    .         Rampage  .   (no gloves)
Will     .....                  (no boots)
Stlth    ..........             j - amulet of reflection
HPRegen  0.15/turn              (no ring)
MPRegen  0.09/turn              (no ring)

@: corroded
A: no striking features
a: no special abilities


You were on level 3 of the Dungeon.
You visited 1 branch of the dungeon, and saw 3 of its levels.

You collected 81 gold pieces.

Inventory:

Hand Weapons
 o - a +0 scimitar (weapon)
Missiles
 m - 8 boomerangs (quivered)
Armour
 b - a +0 scale mail (worn)
 c - a +0 kite shield
 f - a +0 helmet (worn)
Jewellery
 i - a ring of fire
 j - an amulet of reflection (around neck)
 q - a ring of protection from cold
Scrolls
 d - 2 scrolls of amnesia {unknown}
 e - a scroll of acquirement {unknown}
 g - a scroll of teleportation {unknown}
 h - a scroll of identify {unknown}
 l - a scroll of torment {unknown}
Potions
 a - a potion of berserk rage {unknown}
 k - 2 potions of attraction {unknown}
 n - 2 potions of cancellation {unknown}
 p - a potion of curing {unknown}
 r - 3 potions of brilliance {unknown}
 s - a potion of lignification {unknown}


   Skills:
 - Level 3.6 Fighting
 - Level 2.1 Long Blades
 - Level 3.2 Armour
 + Level 6.9 Shields


You had 4 spell levels left.
You didn't know any spells.
Your spell library was empty.

Dungeon Overview and Level Annotations

Branches:
Dungeon (3/15)

Altars:
Xom


Message History

You kill the jelly!
You block the endoplasm's attack.
You slash the endoplasm!
You kill the endoplasm!
You see here a +0 club.
The jelly completely misses you.
You riposte.
You hit the jelly but do no damage.
You see here a +0 club.
You slash the jelly!
Your hands burn!
The jelly is severely wounded.
You are no longer corroded.
The jelly misses you.
You hit the jelly.
Your hands burn!
* * * LOW HITPOINT WARNING * * *
The jelly is severely wounded.
The jelly barely misses you.
You hit the jelly. The acid corrodes you!
Your hands burn!
* * * LOW HITPOINT WARNING * * *
The jelly is almost dead.
The jelly completely misses you. The jelly barely misses you.
You slash the jelly!
You kill the jelly!
You hit the endoplasm.
The endoplasm is heavily wounded.
The endoplasm hits you but does no damage.
You slash the endoplasm!
You kill the endoplasm!
The endoplasm barely misses you.
You hit the endoplasm but do no damage. The endoplasm freezes you.
You are frozen.
* * * LOW HITPOINT WARNING * * *
You barely miss the endoplasm. The endoplasm freezes you.
You are frozen.
* * * LOW HITPOINT WARNING * * *
You hit the endoplasm but do no damage. The endoplasm freezes you.
You are frozen.
You die...

.##≈# #.#.#...†....# #.#....
.§≈§# #.....#.####.# #.#)...
'########..........# #......
..'..........####### #......
..############### #...... ..)...#
#######.##÷..÷.!# #..####
###.#####(..)#.#.#P...PP# #..# #
# #.#.##.....#.#.#÷.....# #..# #
# #...').....#'#@#JPJJ.P# #..# #
# #...').......#J#J.J...# #..# #
###.#.').......#.#PPPP.P###..####
#)..#.##.......#.#.JJJ.÷##.......
......###......##'.JP.÷.##.......
#.#.##############...÷..##.......
#<.....# ### ########..#....
######)#####.#### #..#....
...#........^##.. ....#....


You could see an endoplasm.

Vanquished Creatures
  2 jellies (D:3)
  Terence (D:3)
  6 adders
  2 worms (D:2)
  A dart slug (D:1)
  4 ball pythons
  6 endoplasms
  2 giant cockroaches
  3 goblins
  6 hobgoblins
  4 jackals (D:1)
  3 quokkas
  4 bats
  3 frilled lizards
  9 kobolds
  4 rats
60 creatures vanquished.

Vanquished Creatures (others)
  7 fungi (D:3)
  5 toadstools (D:3)
12 creatures vanquished.

Grand Total: 72 creatures vanquished

Notes
Turn   | Place    | Note
-------+----------+-------------------------------------------
     0 | D:1      | Crownlay the Hill Orc Fighter began the quest for the Orb.
     0 | D:1      | Reached XP level 1. HP: 19/19 MP: 1/1
   464 | D:1      | Reached XP level 2. HP: 25/26 MP: 2/2
   469 | D:1      | Reached skill level 4 in Shields
   974 | D:2      | Reached XP level 3. HP: 23/31 MP: 3/3
  1111 | D:2      | Found a shimmering altar of Xom.
  1420 | D:2      | Reached skill level 5 in Shields
  1523 | D:2      | Reached XP level 4. HP: 22/39 MP: 4/4
  2403 | D:3      | Reached skill level 6 in Shields
  2699 | D:3      | Noticed Terence
  2704 | D:3      | Killed Terence
  2705 | D:3      | Reached XP level 5. HP: 40/45 MP: 5/5
  2879 | D:3      | Frozen to death by an endoplasm

Illustrated notes

Levels and vault maps discovered:
D:1:      ncdulo_smallfort, layout_loops_corners
D:2:      layout_loops_ring, basic_altar, minmay_pentomino_pile
D:3:      cheibrodos_fertilizer, layout_basic, grunt_temple_overflow_diamond,
          dk_vineyard_1, kennysheep_generic_room_9, uniq_terence

Skill      XL: |  1  2  3  4 |
---------------+-------------+-----
Shields        | 4 5 6 |  6.9
Fighting       | |  3.6
Long Blades    | |  2.1
Armour         | |  3.2

Action                   |  1- 3 |  4- 6 || total
-------------------------+-------+-------++-------
Melee: Long sword        |    69 |       ||    69
       Scimitar          |     8 |    77 ||    85
Throw: Boomerang         |    14 |    15 ||    29
  Use: Potion            |       |     1 ||     1
Armor: Scale mail        |    54 |    41 ||    95
Dodge: Dodged            |    38 |    46 ||    84
Block: Other             |    18 |    21 ||    39
       Rpst.: Long sword |    15 |       ||    15
       Scimitar          |     4 |    16 ||    20
